TOP OF THE 1ST |
Pittsburgh Kingfishers batting - Pitching for Ft. Worth Cattlemen : LHP Shigochiyo Tanaka
|
Pitching: LHP Shigochiyo Tanaka
|
|
Batting: LHB Wing-kit Ou-yang
|
0-0: Called Strike 0-1: Ball 1-1: Ball 2-1: Ground out U3 (Groundball, 34, EV 84.4 MPH)
|
Batting: RHB Luis Pamparacuatro
|
0-0: Called Strike 0-1: Foul Ball, location: 2F 0-2: Foul Ball, location: 2F 0-2: Ball 1-2: Ball 2-2: Ball 3-2: Foul Ball, location: 2F 3-2: Fly out, F5 (Line Drive, 5, EV 63.8 MPH)
|
Batting: LHB Gustavo Gonzáles
|
0-0: Ball 1-0: Swinging Strike 1-1: Ball 2-1: Ball 3-1: Fly out, F9 (Line Drive, 9D, EV 104.4 MPH)
|
Top of the 1st over - 0 runs, 0 hits, 0 errors, 0 left on base; Pittsburgh 0 - Ft. Worth 0 |
BOTTOM OF THE 1ST |
Ft. Worth Cattlemen batting - Pitching for Pittsburgh Kingfishers : RHP Renault Daddi
|
Pitching: RHP Renault Daddi
|
|
Batting: SHB Ross Evans
|
0-0: Called Strike 0-1: Ball 1-1: Called Strike 1-2: Ground out 4-3 (Groundball, 4, EV 82.5 MPH)
|
Batting: RHB Todd Walker
|
0-0: Called Strike 0-1: Ball 1-1: Called Strike 1-2: Foul Ball, location: 2F 1-2: Ball 2-2: SINGLE (Groundball, 6D, EV 104.4 MPH)
|
Batting: RHB Richard Trevithick
|
0-0: Ball 1-0: Ball 2-0: Ball 3-0: Swinging Strike 3-1: Base on Balls Todd Walker to second
|
Batting: LHB Martín Pliego
|
0-0: Foul Ball, location: 2F 0-1: Ball 1-1: Grounds into double play, 3-6-3 (Groundball, 3, EV 79.4 MPH)
|
Bottom of the 1st over - 0 runs, 1 hit, 0 errors, 1 left on base; Pittsburgh 0 - Ft. Worth 0 |
TOP OF THE 2ND |
Pittsburgh Kingfishers batting - Pitching for Ft. Worth Cattlemen : LHP Shigochiyo Tanaka
|
Batting: RHB Ignacio Páez
|
0-0: Ground out 4-3 (Groundball, 4, EV 78.1 MPH)
|
Batting: LHB Kyung-chul Son
|
0-0: Fly out, F9 (Flyball, 9, EV 88.1 MPH)
|
Batting: RHB Eisse van Barneveld
|
0-0: Ball 1-0: Ball 2-0: Foul Ball, location: 2F 2-1: DOUBLE (Line Drive, 78XD, EV 105.6 MPH)
|
Batting: RHB Ángel Torrez
|
0-0: 2-RUN HOME RUN (Flyball, 7D, EV 95.0 MPH), Distance : 370 ft
|
Batting: SHB Yeow-whye Zhu
|
0-0: Called Strike 0-1: Ball 1-1: Ball 2-1: Foul Ball, location: 2F 2-2: Foul Ball, location: 2F 2-2: Ball 3-2: Foul Ball, location: 2F 3-2: Foul Ball, location: 2F 3-2: Foul Ball, location: 2F 3-2: Foul Ball, location: 2F 3-2: Strikes out swinging
|
Top of the 2nd over - 2 runs, 2 hits, 0 errors, 0 left on base; Pittsburgh 2 - Ft. Worth 0 |
BOTTOM OF THE 2ND |
Ft. Worth Cattlemen batting - Pitching for Pittsburgh Kingfishers : RHP Renault Daddi
|
Batting: LHB John Manley
|
0-0: Called Strike 0-1: Foul Ball, location: 2F 0-2: Foul Ball, location: 2F 0-2: Ball 1-2: Strikes out looking
|
Batting: RHB Tsuneari Hirano
|
0-0: Ball 1-0: Swinging Strike 1-1: Ball 2-1: Foul Ball, location: 2F 2-2: Ground out U3 (Groundball, 3L, EV 104.4 MPH)
|
Batting: LHB Pielgrzym Myslajek
|
0-0: Ground out 4-3 (Groundball, 4, EV 84.4 MPH)
|
Bottom of the 2nd over - 0 runs, 0 hits, 0 errors, 0 left on base; Pittsburgh 2 - Ft. Worth 0 |
TOP OF THE 3RD |
Pittsburgh Kingfishers batting - Pitching for Ft. Worth Cattlemen : LHP Shigochiyo Tanaka
|
Batting: RHB Alohinani Puanani
|
0-0: Called Strike 0-1: Called Strike 0-2: Foul Ball, location: 2F 0-2: Ball 1-2: Ball 2-2: Foul Ball, location: 2F 2-2: Strikes out swinging
|
Batting: LHB Wing-kit Ou-yang
|
0-0: Swinging Strike 0-1: Called Strike 0-2: Strikes out looking
|
Batting: RHB Luis Pamparacuatro
|
0-0: Ball 1-0: Reached on error, E6 (Groundball, 6M, EV 104.4 MPH)
|
Batting: LHB Gustavo Gonzáles
|
0-0: Called Strike 0-1: Ball 1-1: Ball 2-1: Swinging Strike 2-2: Reached via error on a dropped throw from 1B, E1 (Groundball, 34S, EV 88.1 MPH) Luis Pamparacuatro to third
|
Batting: RHB Ignacio Páez
|
0-0: Called Strike 0-1: Ball 1-1: Ball 2-1: Ball 3-1: Base on Balls Gustavo Gonzáles to second
|
Batting: LHB Kyung-chul Son
|
0-0: Ball 1-0: Ball 2-0: Foul Ball, location: 2F 2-1: Fly out, F7 (Flyball, 78M, EV 96.2 MPH)
|
Top of the 3rd over - 0 runs, 0 hits, 2 errors, 3 left on base; Pittsburgh 2 - Ft. Worth 0 |
BOTTOM OF THE 3RD |
Ft. Worth Cattlemen batting - Pitching for Pittsburgh Kingfishers : RHP Renault Daddi
|
Batting: RHB Alain Grosjean
|
0-0: Foul Ball, location: 2F 0-1: Ball 1-1: Ball 2-1: Ground out 6-3 (Groundball, 6, EV 89.4 MPH)
|
Batting: RHB Curtis Tiger
|
0-0: Ground out 4-3 (Groundball, 4, EV 80.0 MPH)
|
Batting: SHB Ross Evans
|
0-0: Called Strike 0-1: Fly out, F8 (Line Drive, 8RM, EV 90.0 MPH)
|
Bottom of the 3rd over - 0 runs, 0 hits, 0 errors, 0 left on base; Pittsburgh 2 - Ft. Worth 0 |
TOP OF THE 4TH |
Pittsburgh Kingfishers batting - Pitching for Ft. Worth Cattlemen : LHP Shigochiyo Tanaka
|
Batting: RHB Eisse van Barneveld
|
0-0: Called Strike 0-1: Swinging Strike 0-2: Foul Ball, location: 2F 0-2: Foul Ball, location: 2F 0-2: Ball 1-2: Strikes out swinging
|
Batting: RHB Ángel Torrez
|
0-0: Ball 1-0: Swinging Strike 1-1: Foul Ball, location: 2F 1-2: Foul Ball, location: 2F 1-2: Foul Ball, location: 2F 1-2: Ball 2-2: DOUBLE (Flyball, 8RXD, EV 110.0 MPH)
|
Batting: SHB Yeow-whye Zhu
|
0-0: Ball 1-0: Ball 2-0: Foul Ball, location: 2F 2-1: Foul Ball, location: 2F 2-2: Ball 3-2: Ground out 6-3 (Groundball, 6D, EV 105.6 MPH)
|
Batting: RHB Alohinani Puanani
|
0-0: Ball 1-0: Foul Ball, location: 2F 1-1: Ball 2-1: SINGLE (Groundball, 4M, EV 105.0 MPH) (infield hit) Ángel Torrez to third
|
Batting: LHB Wing-kit Ou-yang
|
0-0: Called Strike 0-1: Ball 1-1: Foul Ball, location: 2F 1-2: Strikes out swinging
|
Top of the 4th over - 0 runs, 2 hits, 0 errors, 2 left on base; Pittsburgh 2 - Ft. Worth 0 |
BOTTOM OF THE 4TH |
Ft. Worth Cattlemen batting - Pitching for Pittsburgh Kingfishers : RHP Renault Daddi
|
Batting: RHB Todd Walker
|
0-0: Swinging Strike 0-1: Ball 1-1: Ball 2-1: Ball 3-1: Swinging Strike 3-2: Foul Ball, location: 2F 3-2: Foul Ball, location: 2F 3-2: Fly out, F4 (Popup, 4, EV 68.1 MPH)
|
Batting: RHB Richard Trevithick
|
0-0: Foul Ball, location: 2F 0-1: Ball 1-1: SINGLE (Groundball, 34D, EV 104.4 MPH)
|
Batting: LHB Martín Pliego
|
0-0: TRIPLE (Line Drive, 89XD, EV 103.8 MPH) Richard Trevithick scores
|
Batting: LHB John Manley
|
0-0: Ball 1-0: Ground out 6-3 (Groundball, 6, EV 105.6 MPH) Martín Pliego scores
|
Batting: RHB Tsuneari Hirano
|
0-0: Called Strike 0-1: Called Strike 0-2: DOUBLE (Line Drive, 89D, EV 108.1 MPH)
|
Batting: LHB Pielgrzym Myslajek
|
0-0: Ball 1-0: Foul Ball, location: 2F 1-1: Ball 2-1: Fly out, F7 (Flyball, 7S, EV 88.8 MPH)
|
Bottom of the 4th over - 2 runs, 3 hits, 0 errors, 1 left on base; Pittsburgh 2 - Ft. Worth 2 |
TOP OF THE 5TH |
Pittsburgh Kingfishers batting - Pitching for Ft. Worth Cattlemen : LHP Shigochiyo Tanaka
|
Batting: RHB Luis Pamparacuatro
|
0-0: Fly out, F6 (Popup, 6, EV 57.5 MPH)
|
Batting: LHB Gustavo Gonzáles
|
0-0: Ball 1-0: Ball 2-0: Ball 3-0: Ground out 4-3 (Groundball, 4S, EV 83.1 MPH)
|
Batting: RHB Ignacio Páez
|
0-0: Ball 1-0: Called Strike 1-1: Foul Ball, location: 2F 1-2: Ball 2-2: Foul Ball, location: 2F 2-2: Foul Ball, location: 2F 2-2: Foul Ball, location: 2F 2-2: Strikes out swinging
|
Top of the 5th over - 0 runs, 0 hits, 0 errors, 0 left on base; Pittsburgh 2 - Ft. Worth 2 |
BOTTOM OF THE 5TH |
Ft. Worth Cattlemen batting - Pitching for Pittsburgh Kingfishers : RHP Renault Daddi
|
Batting: RHB Alain Grosjean
|
0-0: Ground out 1-3 (Groundball, P, EV 63.8 MPH)
|
Batting: RHB Curtis Tiger
|
0-0: Ground out 4-3 (Groundball, 4S, EV 83.8 MPH)
|
Batting: SHB Ross Evans
|
0-0: Ball 1-0: Fly out, F8 (Flyball, 8RXD, EV 105.0 MPH)
|
Bottom of the 5th over - 0 runs, 0 hits, 0 errors, 0 left on base; Pittsburgh 2 - Ft. Worth 2 |
TOP OF THE 6TH |
Pittsburgh Kingfishers batting - Pitching for Ft. Worth Cattlemen : LHP Shigochiyo Tanaka
|
Pitching: RHP Woodward Haberdash
|
|
Batting: LHB Kyung-chul Son
|
0-0: Foul Ball, location: 2F 0-1: Called Strike 0-2: Fly out, F8 (Flyball, 89D, EV 108.8 MPH)
|
Batting: RHB Eisse van Barneveld
|
0-0: Ball 1-0: Ball 2-0: Ball 3-0: Base on Balls
|
Batting: RHB Ángel Torrez
|
0-0: Swinging Strike 0-1: Ball Wild Pitch! Eisse van Barneveld to second 1-1: Foul Ball, location: 2F 1-2: Ball 2-2: Fly out, F9 (Line Drive, 9D, EV 86.2 MPH) Runner from 2nd tags up, SAFE at 3rd, no throw by RF
|
Batting: SHB Yeow-whye Zhu
|
0-0: Ball 1-0: Ball 2-0: Ball 3-0: Base on Balls
|
Batting: RHB Alohinani Puanani
|
0-0: TRIPLE (Line Drive, 9LD, EV 102.5 MPH) Eisse van Barneveld scores Yeow-whye Zhu scores
|
Batting: LHB Wing-kit Ou-yang
|
0-0: Called Strike 0-1: Ground out 3-1 (Groundball, 34S, EV 90.6 MPH)
|
Top of the 6th over - 2 runs, 1 hit, 0 errors, 1 left on base; Pittsburgh 4 - Ft. Worth 2 |
BOTTOM OF THE 6TH |
Ft. Worth Cattlemen batting - Pitching for Pittsburgh Kingfishers : RHP Renault Daddi
|
Batting: RHB Todd Walker
|
0-0: Ball 1-0: Foul Ball, location: 2F 1-1: Ball 2-1: Ball 3-1: Base on Balls
|
Batting: RHB Richard Trevithick
|
0-0: Ball 1-0: Ball 2-0: Called Strike 2-1: Swinging Strike 2-2: Ball 3-2: Fly out, F5 (Popup, 25, EV 93.1 MPH)
|
Batting: LHB Martín Pliego
|
0-0: Ball 1-0: Fly out, F7 (Line Drive, 7, EV 90.6 MPH)
|
Batting: LHB John Manley
|
0-0: Ball 1-0: Called Strike 1-1: Called Strike 1-2: Strikes out swinging
|
Bottom of the 6th over - 0 runs, 0 hits, 0 errors, 1 left on base; Pittsburgh 4 - Ft. Worth 2 |
TOP OF THE 7TH |
Pittsburgh Kingfishers batting - Pitching for Ft. Worth Cattlemen : RHP Woodward Haberdash
|
Batting: RHB Luis Pamparacuatro
|
0-0: Foul Ball, location: 2F 0-1: Foul Ball, location: 2F 0-2: Ball 1-2: Ball 2-2: Ball 3-2: Reached on error, E6 (Groundball, 6MS, EV 89.4 MPH)
|
Pitching: RHP Tony Correa
|
|
Batting: LHB Gustavo Gonzáles
|
0-0: Fly out, F3 (Line Drive, 3, EV 66.2 MPH)
|
Batting: RHB Ignacio Páez
|
0-0: Ball Luis Pamparacuatro steals 2nd base (no throw) 1-0: Ball 2-0: Called Strike 2-1: Ball 3-1: Base on Balls
|
Batting: LHB Kyung-chul Son
|
0-0: Ball Luis Pamparacuatro steals 3rd base 1-0: DOUBLE (Groundball, 3L, EV 106.2 MPH) Luis Pamparacuatro scores Ignacio Páez to third
|
Batting: RHB Eisse van Barneveld
|
0-0: Ball 1-0: Ground out 5-3 (Groundball, 56S, EV 88.1 MPH) Ignacio Páez scores
|
Batting: RHB Ángel Torrez
|
0-0: Ball 1-0: SINGLE (Groundball, 6MD, EV 103.8 MPH) Kyung-chul Son to third Runner from 3rd tries for Home, SAFE, throw by CF to home Ángel Torrez to second
|
Batting: SHB Yeow-whye Zhu
|
0-0: Ball 1-0: Called Strike 1-1: Foul Ball, location: 2F 1-2: Ball 2-2: Strikes out swinging
|
Top of the 7th over - 3 runs, 2 hits, 1 error, 1 left on base; Pittsburgh 7 - Ft. Worth 2 |
BOTTOM OF THE 7TH |
Ft. Worth Cattlemen batting - Pitching for Pittsburgh Kingfishers : RHP Renault Daddi
|
Batting: RHB Tsuneari Hirano
|
0-0: Ball 1-0: SINGLE (Groundball, 6MS, EV 76.9 MPH) (infield hit)
|
Batting: LHB Pielgrzym Myslajek
|
0-0: Foul Ball, location: 2F 0-1: Ball 1-1: Called Strike 1-2: Foul Ball, location: 2F 1-2: Strikes out swinging
|
Batting: RHB Alain Grosjean
|
0-0: Ball 1-0: Swinging Strike 1-1: Grounds into double play, 6-4-3 (Groundball, 6, EV 85.6 MPH)
|
Bottom of the 7th over - 0 runs, 1 hit, 0 errors, 0 left on base; Pittsburgh 7 - Ft. Worth 2 |
TOP OF THE 8TH |
Pittsburgh Kingfishers batting - Pitching for Ft. Worth Cattlemen : RHP Tony Correa
|
Batting: RHB Alohinani Puanani
|
0-0: Called Strike 0-1: Foul Ball, location: 2F 0-2: Foul Ball, location: 2F 0-2: Strikes out looking
|
Batting: LHB Wing-kit Ou-yang
|
0-0: Ball 1-0: Fly out, F8 (Flyball, 89S, EV 85.0 MPH)
|
Batting: RHB Luis Pamparacuatro
|
0-0: Fly out, F7 (Line Drive, 7, EV 95.0 MPH)
|
Top of the 8th over - 0 runs, 0 hits, 0 errors, 0 left on base; Pittsburgh 7 - Ft. Worth 2 |
BOTTOM OF THE 8TH |
Ft. Worth Cattlemen batting - Pitching for Pittsburgh Kingfishers : RHP Renault Daddi
|
Batting: RHB Curtis Tiger
|
0-0: Ball 1-0: Swinging Strike 1-1: Swinging Strike 1-2: Ball 2-2: Ball 3-2: Ground out 4-3 (Groundball, 4, EV 102.5 MPH)
|
Batting: SHB Ross Evans
|
0-0: Called Strike 0-1: Ball 1-1: Foul Ball, location: 2F 1-2: Ground out 6-3 (Groundball, 56, EV 88.1 MPH)
|
Batting: RHB Todd Walker
|
0-0: Ball 1-0: Ground out 4-3 (Groundball, 4, EV 94.4 MPH)
|
Bottom of the 8th over - 0 runs, 0 hits, 0 errors, 0 left on base; Pittsburgh 7 - Ft. Worth 2 |
TOP OF THE 9TH |
Pittsburgh Kingfishers batting - Pitching for Ft. Worth Cattlemen : RHP Tony Correa
|
Batting: LHB Gustavo Gonzáles
|
0-0: Ball 1-0: SINGLE (Groundball, 4MD, EV 103.8 MPH)
|
Pitching: RHP Tekoa Kinsinger
|
|
Batting: RHB Ignacio Páez
|
0-0: Ball 1-0: Called Strike 1-1: Ball 2-1: Grounds into double play, 5-4-3 (Groundball, 5, EV 89.4 MPH)
|
Batting: LHB Kyung-chul Son
|
0-0: Swinging Strike 0-1: Foul Ball, location: 2F 0-2: Strikes out looking
|
Top of the 9th over - 0 runs, 1 hit, 0 errors, 0 left on base; Pittsburgh 7 - Ft. Worth 2 |
BOTTOM OF THE 9TH |
Ft. Worth Cattlemen batting - Pitching for Pittsburgh Kingfishers : RHP Renault Daddi
|
Pitching: RHP Larry Benítez
|
|
Batting: RHB Richard Trevithick
|
0-0: Ball 1-0: Ball 2-0: Ball 3-0: Base on Balls
|
Batting: LHB Martín Pliego
|
0-0: Ball 1-0: Called Strike 1-1: Ball 2-1: TRIPLE (Flyball, 78XD, EV 102.5 MPH) Richard Trevithick scores
|
Batting: LHB John Manley
|
0-0: Ball 1-0: Ball 2-0: Called Strike 2-1: DOUBLE (Groundball, 3L, EV 102.5 MPH) Martín Pliego scores
|
Pitching: RHP Elton Ray
|
|
Batting: RHB Tsuneari Hirano
|
0-0: TRIPLE (Line Drive, 89XD, EV 105.0 MPH) John Manley scores
|
Batting: LHB Pielgrzym Myslajek
|
0-0: Ball 1-0: Ball 2-0: Ball 3-0: Called Strike 3-1: Called Strike 3-2: Foul Ball, location: 2F 3-2: Foul Ball, location: 2F 3-2: Base on Balls
|
Batting: RHB Alain Grosjean
|
0-0: Called Strike 0-1: Fly out, F8 (Flyball, 78XD, EV 95.6 MPH) Runner from 3rd tags up, SCORES, no throw by CF
|
Pinch Hitting: RHB Leland Sigurdson
|
0-0: Swinging Strike 0-1: Ball 1-1: Ball 2-1: Called Strike 2-2: Strikes out swinging
|
Batting: SHB Ross Evans
|
0-0: Ball 1-0: Ball 2-0: Foul Ball, location: 2F 2-1: Foul Ball, location: 2F 2-2: Strikes out looking
|
Bottom of the 9th over - 4 runs, 3 hits, 0 errors, 1 left on base; Pittsburgh 7 - Ft. Worth 6 |
|